 Dungeon Crawl Stone Soup version 0.28-a0-265-g048bc9fd10 (webtiles) character file.

Game seed: 5039693121761523288

1484 porpoise the Fighter (level 8, -1/71 HPs)
             Began as a Barachi Wanderer on Aug 28, 2021.
             Was a Follower of Cheibriados.
             Succumbed to a gnoll's poison
             ... on level 6 of the Dungeon.
             The game lasted 00:24:13 (7361 turns).

porpoise the Fighter (Barachi Wanderer)             Turns: 7361, Time: 00:24:14

Health: -1/71      AC:  8    Str: 16    XL:     8   Next: 79%
Magic:  9/9        EV: 12    Int: 17    God:    Cheibriados [*.....]
Gold:   512        SH:  8    Dex: 16    Spells: 7/7 levels left

rFire   . . .      SeeInvis .   a - +2 falchion
rCold   . . .      Faith    .   A - +3 buckler "Koeta" {+Blink rN+}
rNeg    + . .      Spirit   .   k - +0 ring mail
rPois   .          Reflect  .   I - +0 helmet
rElec   .          Harm     .   (no cloak)
rCorr   .          Rampage  .   K - +0 pair of gloves {archery}
Will    .....                   (no boots)
Stlth   +.........              (no amulet)
HPRegen 0.21/turn               (no ring)
MPRegen 0.11/turn               (no ring)

@: lethally poisoned (-1 -> -3), unable to hop, very slightly contaminated,
invisible, very slow
A: amphibious, slowness 1, strong legs 1, +LOS
a: Hop, Renounce Religion, Evoke Blink, Bend Time


You were on level 6 of the Dungeon.
You worshipped Cheibriados.
Cheibriados was aware of your devotion.
You visited 1 branch of the dungeon, and saw 6 of its levels.
You also visited: Ossuary.

You collected 512 gold pieces.

Inventory:

Hand Weapons
 a - a +2 falchion (weapon)
 b - a +1 hunting sling
 H - the +4 flail of Theory {protect, Contam rElec rPois}
   (You found it on level 5 of the Dungeon)

   It grants its wielder temporary protection when it strikes (+7 to AC).
   rElec:     It insulates you from electricity.
   rPois:     It protects you from poison.
   Contam:    It causes magical contamination when unequipped.
Missiles
 f - 37 sling bullets
 j - 132 stones
 l - 68 bolts
 q - 2 javelins (quivered)
 u - 52 arrows
 x - 4 poisoned darts
Armour
 k - a +0 ring mail (worn)
 A - the +3 buckler "Koeta" (worn) {+Blink rN+}
   (You acquired it on level 6 of the Dungeon)

   rN:        It protects you from negative energy.
   +Blink:    It lets you blink.
 G - a scarf of shadows
 I - a +0 helmet (worn)
 K - a +0 pair of gloves of archery (worn)
Scrolls
 d - a scroll of teleportation
 g - 3 scrolls of amnesia
 h - a scroll of immolation
 i - 3 scrolls of magic mapping
 m - 2 scrolls of holy word
 p - a scroll of fear {unknown}
 t - a scroll of blinking
 y - a scroll of enchant armour
 B - a scroll of brand weapon {unknown}
 F - a scroll of enchant weapon
Potions
 e - a potion of curing
 n - a potion of invisibility
 o - 2 potions of degeneration {unknown}
 r - 2 potions of mutation {unknown}
 s - a potion of heal wounds {unknown}
 v - a potion of resistance
 w - 2 potions of attraction {unknown}
 z - 2 potions of might {unknown}
 C - a potion of cancellation {unknown}
 D - a potion of brilliance {unknown}
 E - a potion of ambrosia {unknown}
 J - a potion of flight {unknown}


   Skills:
 - Level 9.0 Fighting
 - Level 6.0 Long Blades
 - Level 1.0 Crossbows
 - Level 5.0 Armour
 + Level 3.3 Dodging
 - Level 4.0 Shields
 + Level 2.4 Invocations


You had 7 spell levels left.
You didn't know any spells.
Your spell library was empty.

Dungeon Overview and Level Annotations

Branches:
Dungeon (6/15)             Temple (0/1) D:4         Ossuary (visited)

Altars:
Cheibriados
Fedhas
Hepliaklqana
Qazlal
Ru
The Shining One


Innate Abilities, Weirdness & Mutations

You are amphibious.
You cover ground slowly.
You can hop short distances.
You have an extended range of vision and can be seen from far away.


Message History

The hound moves out of view.
You shoot a sling bullet.
The sling bullet hits the gnoll sergeant.
The gnoll sergeant is lightly wounded.
The gnoll sergeant closely misses you. The gnoll misses you.
You shoot a sling bullet.
The sling bullet hits the gnoll sergeant but does no damage.
The gnoll sergeant is lightly wounded.
The gnoll sergeant hits you with a +7 spear of freezing.
The gnoll sergeant freezes you. You block the gnoll's attack.
You block the gnoll sergeant's attack.
You shoot a sling bullet.
The sling bullet hits the gnoll sergeant but does no damage.
The gnoll sergeant is lightly wounded.
The gnoll hits you with a +0 halberd! You block the gnoll sergeant's attack.
You see here a +1 buckler.
You are too injured to fight recklessly!
You are too injured to fight recklessly!
a - a +2 falchion (weapon)
You block the gnoll sergeant's attack. The gnoll closely misses you.
You hit the gnoll sergeant.
The gnoll sergeant is lightly wounded.
The gnoll hits you from afar with a +2 spear of venom.
You are poisoned.
The gnoll sergeant hits you with a +7 spear of freezing!
* * * LOW HITPOINT WARNING * * *
The gnoll sergeant freezes you.
* * * LOW HITPOINT WARNING * * *
Hop to where?
Press: ? - help, Dir - move target, p - gnoll sergeant Boing!
You feel sick.
You feel sick.
You feel sick.
The gnoll sergeant hits you from afar with a +7 spear of freezing!
* * * LOW HITPOINT WARNING * * *
The gnoll sergeant freezes you.
* * * LOW HITPOINT WARNING * * *
* * * LOW HITPOINT WARNING * * *
You feel sick.
You die...

........ #.....## ###.....8
#...(..# ##########
#(.()..###.........
#(..###.[.##....# ..# #
##....g..####.# #..g.g...#
..# ###....#@###.#
.......##.....##.. ....##
.#..#....###..###..#.....##
##.###...##.## #.##..<.#.#
# #.......###.......#.. ##.
###.......#..........
....###....##.............
#.......###.............
#.#..>..#..........>...#


You could see a gnoll sergeant and 2 gnolls.

Vanquished Creatures
  Grinder (D:3)
  5 ogres
  2 bullfrogs
  A scorpion (D:5)
  2 hounds
  3 jellies (D:5)
  An orc priest (D:4)
  Jessica (D:2)
  A scorpion zombie (D:5)
  2 iguanas (D:5)
  2 orc wizards (D:4)
  A hound skeleton (D:5)
  A howler monkey zombie (D:6)
  8 mummies (Ossuary)
  2 adders
  9 gnolls
  A howler monkey skeleton (D:4)
  An ufetubus (D:6)
  4 worms
  4 orcs
  6 ball pythons
  7 endoplasms
  4 giant cockroaches
  4 gnoll zombies (Ossuary)
  5 goblins
  4 hobgoblins
  2 jackals (D:3)
  10 kobolds
  7 quokkas
  4 bats
  A frilled lizard (D:1)
  A hobgoblin zombie (Ossuary)
  2 kobold zombies (Ossuary)
  An orc zombie (Ossuary)
  4 rats
114 creatures vanquished.

Vanquished Creatures (others)
  22 plants (D:3)
22 creatures vanquished.

Grand Total: 136 creatures vanquished

Notes
Turn   | Place    | Note
-------+----------+-------------------------------------------
     0 | D:1      | porpoise the Barachi Wanderer began the quest for the Orb.
     0 | D:1      | porpoise set off with the following items: a +2 falchion, a
                  | potion of lignification, a +0 buckler, a +0 robe
     0 | D:1      | Reached XP level 1. HP: 17/17 MP: 1/1
   414 | D:1      | Reached XP level 2. HP: 17/23 MP: 2/2
   547 | D:1      | Reached skill level 3 in Fighting
  1615 | D:2      | Reached XP level 3. HP: 7/29 MP: 3/3
  2050 | D:2      | Reached skill level 4 in Fighting
  2050 | D:2      | Reached XP level 4. HP: 10/37 MP: 4/4
  2053 | D:2      | Reached skill level 5 in Long Blades
  2495 | D:2      | Noticed Jessica
  2499 | D:2      | Killed Jessica
  2884 | D:3      | Reached XP level 5. HP: 24/43 MP: 5/5
  3131 | D:3      | Noticed Grinder
  3162 | D:3      | Paralysed by Grinder for 2 turns
  3169 | D:3      | Paralysed by Grinder for 2 turns
  3177 | D:3      | Killed Grinder
  3178 | D:3      | Reached skill level 6 in Fighting
  3178 | D:3      | Reached XP level 6. HP: 20/53 MP: 6/6
  3392 | D:3      | Found a faded altar of an unknown god.
  3715 | D:3      | Found a blossoming altar of Fedhas.
  3905 | D:3      | Found a snail-covered altar of Cheibriados.
  3948 | D:3      | Became a worshipper of Cheibriados the Contemplative
  4013 | D:3      | Found a hazy altar of Hepliaklqana.
  4379 | D:3      | Reached skill level 7 in Fighting
  4379 | D:3      | Reached XP level 7. HP: 60/60 MP: 7/7
  4579 | D:4      | Found a staircase to the Ecumenical Temple.
  5324 | D:5      | Entered Level 5 of the Dungeon
  5393 | D:5      | Reached skill level 8 in Fighting
  5523 | D:5      | Found a sand-covered staircase.
  5532 | Ossuary  | Entered an ossuary
  5554 | Ossuary  | Reached * piety under Cheibriados
  5686 | Ossuary  | Reached XP level 8. HP: 68/68 MP: 8/8
  6596 | D:5      | Reached skill level 9 in Fighting
  6596 | D:5      | Reached skill level 5 in Armour
  6627 | D:5      | Found a sacrificial altar of Ru.
  6627 | D:5      | Found a stormy altar of Qazlal.
  6633 | D:5      | Found a glowing golden altar of the Shining One.
  6820 | D:5      | Identified the +4 flail of Theory {protect, Contam rElec
                  | rPois}
  6917 | D:6      | Reached skill level 1 in Invocations
  7316 | D:6      | Identified 2 scrolls of acquirement
  7316 | D:6      | Acquired a +0 pair of gloves of archery
  7323 | D:6      | Acquired the +3 buckler "Koeta" {+Blink rN+}
  7359 | D:6      | HP: 2/71 [gnoll sergeant (12)]
  7361 | D:6      | Succumbed to a gnoll's poison

Illustrated notes

Levels and vault maps discovered:
D:1:      psy_arrival_basics, layout_loops_corners, hangedman_decor_growths
D:2:      layout_rooms, uniq_jessica
D:3:      wad_woods_settlement, layout_basic, slow_altar_1,
          chequers_temple_overflow_statue_of_worship,
          hellmonk_ecumenical_altar_dog_temple, uniq_grinder
D:4:      layout_gridville, minmay_temple_entry_grid
D:5:      layout_loops_ring, minmay_overflow_temple_star_quad,
          chequers_ossuary_entry_cave
D:6:      layout_cave_pools, lemuel_mausoleum_altar_yredelemnul

Skill      XL: |  1  2  3  4  5  6  7  8 |
---------------+-------------------------+-----
Long Blades    | 4 5 6 |  6.0
Fighting       | 3 4 6 7 8 9 |  9.0
Shields        | 3 4 |  4.0
Armour         | 3 5 |  5.0
Dodging        | 3 |  3.3
Invocations    | 2 |  2.4
Crossbows      | |  1.0

Action                   |  1- 3 |  4- 6 |  7- 9 || total
-------------------------+-------+-------+-------++-------
Melee: Falchion          |    88 |   107 |   119 ||   314
 Fire: Hunting sling     |       |    26 |   162 ||   188
Throw: Stone             |    27 |    36 |       ||    63
       Javelin           |     9 |     6 |     4 ||    19
       Throwing net      |       |     1 |       ||     1
 Abil: Hop               |       |     1 |     2 ||     3
  Use: Potion            |       |     1 |     2 ||     3
       Scroll            |       |       |    14 ||    14
 Stab: Sleeping          |     1 |       |       ||     1
Armor: Ring mail         |    18 |    29 |    33 ||    80
       Leather armour    |     2 |       |       ||     2
       Skin              |       |       |     4 ||     4
Dodge: Dodged            |    27 |    59 |    67 ||   153
Block: Buckler           |    14 |    17 |    43 ||    74

Table legend: (Time is in decaauts)
 A = Elapsed time spent in this place.
 B = Non-inter-level travel time spent in this place.
 C = Inter-level travel time spent in this place.
 D = Time resting spent in this place.
 E = Time spent auto-exploring this place.
 F = Levels seen in this place.
 G = Mean time per level.
                   A        B        C        D        E       F      G
               +--------+--------+--------+--------+--------+-----+--------+
         Total |   8694 |   8491 |    203 |   2697 |   4105 |   7 | 1242.0 |
       Dungeon |   7961 |   7758 |    203 |   2403 |   4093 |   6 | 1326.8 |
       Ossuary |    733 |    733 |      0 |    294 |     11 |   1 |  733.0 |
               +--------+--------+--------+--------+--------+-----+--------+

Top non-repeatable levels by time:
     D:3: 1998 daAuts
     D:1: 1748 daAuts
     D:5: 1524 daAuts
     D:2: 1296 daAuts
     D:4: 1123 daAuts
 Ossuary: 733 daAuts
     D:6: 270 daAuts
